 Dungeon Sprint DCSS version 0.31-a0-564-g3b7de120b3 (webtiles) character file.

Game seed: 3684684795693943285

541 rocky1 the Martial Artist (level 7, 0/47 HPs)
             Began as a Djinni Shapeshifter on Aug 18, 2023.
             Was an Initiate of Gozag.
             Slain by a vampire (7 damage)
             ... in the Dungeon (Sprint IX: "|||||||||||||||||||||||||||||").
             The game lasted 00:01:23 (487 turns).

rocky1 the Martial Artist (Djinni Shapeshifter)      Turns: 487, Time: 00:01:24

Health: 0/47       AC:  9    Str: 14    XL:     7   Next: 51%
Gold:   0          EV: 13    Int: 10    God:    Gozag SH:  0 Dex: 15

rFire   + +          .
                       - Unarmed
rCold   x . .        (no shield)
rNeg    . . .        m - +1 scale mail
rPois   ∞            (helmet currently unavailable)
rElec   .            (cloak currently unavailable)
rCorr   .            (gloves currently unavailable)
SInv    .            (boots unavailable)
Will    .....        (no amulet)
Stlth   +            k - +2 ring of evasion
HPRegen 0.27/turn    l - +2 ring of protection
MPRegen 0.00/turn

%: no teleportation, infuse magic (-1 HP)
@: beast-form, gold aura, on berserk cooldown, flying, slowed, very slow
A: beast (slay +4), flying, sickness immunity, fire resistance 2, cold
vulnerability 1, float, innate caster, HP casting, extra vitality 1
a: Begin Untransformation, Renounce Religion, Potion Petition, Call Merchant,
Bribe Branch


You were in the Dungeon.
You worshipped Gozag.
Gozag was noncommittal.
You were a hulking beast.
You visited 1 branch

Inventory:

Hand Weapons
 n - the +2 scimitar of Indomitability {spect, rC++ Str+3}
   (You found it in the Dungeon)

   Str+3:     It affects your strength (+3).
   rC++:      It greatly protects you from cold.
Armour
 a - a +0 animal skin
 m - a +1 scale mail (worn)
Jewellery
 k - a +2 ring of evasion (left hand)
 l - a +2 ring of protection (right hand)
Talismans
 c - a beast talisman (active)
 d - a flux talisman
Wands
 j - a wand of roots (9)
Scrolls
 i - 2 scrolls of blinking
Potions
 b - a potion of invisibility
 e - 5 potions of curing
 f - 3 potions of heal wounds
 g - a potion of haste


   Skills:
 + Level 1.2 Fighting
 + Level 2.1 Armour
 + Level 4.8 Dodging
 + Level 3.0 Stealth
 + Level 10.0 Unarmed Combat
 + Level 8.3 Shapeshifting


You knew the following spells:

 Your Spells              Type           Power      Damage    Failure   Level
a - Sting                 Tmut/Pois      0%         1d3       85%         1
b - Searing Ray           Conj           0%         2d4       94%         2
c - Swiftness             Air            0%         N/A       99%         3
Your spell library was empty.

Dungeon Overview and Level Annotations

Branches:
Dungeon (1/1)

Altars:
Cheibriados
Dithmenos
Elyvilon
Fedhas
Gozag
Hepliaklqana
Makhleb
Nemelex Xobeh
Okawaru
Qazlal
Ru
Trog
Uskayaw
Wu Jian
Xom
Yredelemnul
Zin
The Shining One
Jiyva
Lugonu


Innate Abilities, Weirdness & Mutations

You are a hulking beast.
Your limbs bulge with bestial killing power. (Slay +4)
You are flying.
You are immune to sickness and miasma.
You are immune to poison.
Your flesh is very heat resistant. (rF++)
You are vulnerable to cold. (rC-)
You float through the air rather than walking.
You learn spells naturally, not from books.
Your magical power is your life essence.
You have superior vitality. (+4 MHP)


Message History

You barely miss the yak.
The yak is almost dead.
The yak barely misses you.
You hit the yak.
The yak is almost dead.
You punch the yak!
You kill the yak!
Your Armour skill increases to level 2!
Your Stealth skill increases to level 3!
Your Unarmed Combat skill increases to level 10!
Your Shapeshifting skill increases to level 8!
You see here 306 gold pieces.
You barely miss something. You miss something.
The wyvern is distracted by your dazzling golden aura.
The wight is distracted by your dazzling golden aura.
Something hits you but does no damage. Something bites you.
You miss something.
The wyvern hisses angrily.
You closely miss something. Something hits you. Something bites you!
* * * LOW HITPOINT WARNING * * *
You hit something. You completely miss something. Something hits you!
* * * LOW HITPOINT WARNING * * *
Something bites you.
* * * LOW HITPOINT WARNING * * *
You pummel something!! Your punch misses something. You closely miss something.
Something completely misses you. Something bites you.
* * * LOW HITPOINT WARNING * * *
You miss something.
You are no longer berserk.
You are exhausted.
You feel yourself slow down.
You hit something.
The wight is no longer distracted by gold.
The wyvern is no longer distracted by gold.
Something hits you!
You die...
Your body crumbles into a pile of gold. ▓▓▓▓▓▓▓▓▓▓▓▓▓▓▓▓▓▓▓▓▓▓▓ +..zl{h$...[[.)?!'_____ ▓▓▓▓▓▓▓▓▓▓▓▓▓▓▓▓▓▓▓▓▓▓▓

You could see a wyvern and a wight.

Vanquished Creatures
  A shadow (D)
  2 yaks (D)
  An ogre (D)
  A shadow imp (D)
  A dart slug (D)
  A goblin (D)
  A jackal (D)
  3 quokkas (D)
  A kobold (D)
  A rat (D)
13 creatures vanquished.

Notes
Turn   | Place    | Note
-------+----------+-------------------------------------------
     0 | D        | rocky1 the Djinni Shapeshifter began the quest for the Orb.
     0 | D        | Reached XP level 1. HP: 17/17 MP: 0/0
    14 | D        | Reached XP level 2. HP: 22/22 MP: 0/0
    18 | D        | Noticed an ogre
    35 | D        | Reached skill level 4 in Unarmed Combat
    37 | D        | Killed an ogre
    38 | D        | Reached skill level 1 in Stealth
    38 | D        | Reached skill level 6 in Unarmed Combat
    38 | D        | Reached skill level 5 in Shapeshifting
    38 | D        | Reached XP level 3. HP: 27/27 MP: 0/0
    38 | D        | Learned a level 1 spell: Sting
    38 | D        | Reached XP level 4. HP: 32/32 MP: 0/0
    39 | D        | Reached XP level 5. HP: 37/37 MP: 0/0
    39 | D        | Learned a level 2 spell: Searing Ray
   373 | D        | Found a snail-covered altar of Cheibriados.
   373 | D        | Found a shadowy altar of Dithmenos.
   373 | D        | Found a white marble altar of Elyvilon.
   373 | D        | Found a blossoming altar of Fedhas.
   373 | D        | Found an opulent altar of Gozag.
   374 | D        | Found a hazy altar of Hepliaklqana.
   375 | D        | Found a viscous altar of Jiyva.
   377 | D        | Found a corrupted altar of Lugonu.
   378 | D        | Found a burning altar of Makhleb.
   379 | D        | Found a sparkling altar of Nemelex Xobeh.
   380 | D        | Found an iron altar of Okawaru.
   381 | D        | Found a stormy altar of Qazlal.
   382 | D        | Found a sacrificial altar of Ru.
   384 | D        | Found a bloodstained altar of Trog.
   385 | D        | Found a hide-covered altar of Uskayaw.
   387 | D        | Found an ornate altar of the Wu Jian Council.
   388 | D        | Found a shimmering altar of Xom.
   397 | D        | Became a worshipper of Gozag Ym Sagoz the Greedy
   406 | D        | Found a basalt altar of Yredelemnul.
   407 | D        | Found a glowing silver altar of Zin.
   408 | D        | Found a glowing golden altar of the Shining One.
   453 | D        | Got the +2 scimitar of Indomitability {spect, rC++ Str+3}
   460 | D        | Noticed a wyvern
   460 | D        | Noticed a vampire
   460 | D        | Noticed a yak
   460 | D        | Noticed a yak
   460 | D        | Noticed a shadow
   467 | D        | Killed a shadow
   468 | D        | Reached skill level 1 in Armour
   468 | D        | Reached skill level 8 in Unarmed Combat
   468 | D        | Reached XP level 6. HP: 42/42 MP: 0/0
   471 | D        | Killed a yak
   472 | D        | Reached skill level 9 in Unarmed Combat
   472 | D        | Reached XP level 7. HP: 35/47 MP: 0/0
   472 | D        | Learned a level 3 spell: Swiftness
   476 | D        | Killed a yak
   477 | D        | Reached skill level 10 in Unarmed Combat
   487 | D        | Slain by a vampire

Illustrated notes

Levels and vault maps discovered:
D:        linesprint [early_d, line_temple, items_1, d_10, items_2, lair_1,
          lair_end, items_3, orc_1, orc_end, items_4, d_15, swamp_1, shoals_1,
          snake_1, spider_1, d_20, vaults_1, items_5, swamp_end, shoals_end,
          snake_end, spider_end, vaults_end, d_27, items_6, zot_1, zot_end,
          crypt_end, forest_end, elf_end, slime_end, tomb_end, abyss_end,
          pan_hell_end]

Skill      XL: |  1  2  3  4  5  6  7 |
---------------+----------------------+-----
Shapeshifting  | 3 5 7 8 |  8.3
Unarmed Combat | 6 8 9 10 | 10.0
Dodging        | 3 4 |  4.8
Stealth        | 1 2 3 |  3.0
Armour         | 1 2 |  2.1
Fighting       | |  1.2

Action                     |  1- 3 |  4- 6 |  7- 9 || total
---------------------------+-------+-------+-------++-------
  Melee: Unarmed           |    26 |     9 |    15 ||    50
         Punch             |       |     1 |       ||     1
  Evoke: Wand              |       |     1 |       ||     1
    Use: Potion            |     1 |     1 |       ||     2
   Stab: Sleeping          |     1 |       |       ||     1
 Armour: Skin              |     9 |       |       ||     9
         Scale mail        |       |     2 |     1 ||     3
  Dodge: Dodged            |     5 |       |     2 ||     7

Table legend: (Time is in decaauts)
 A = Elapsed time spent in this place.
 B = Non-inter-level travel time spent in this place.
 C = Inter-level travel time spent in this place.
 D = Time resting spent in this place.
 E = Time spent auto-exploring this place.
 F = Levels seen in this place.
 G = Mean time per level.
                   A        B        C        D        E       F      G
               +--------+--------+--------+--------+--------+-----+--------+
         Total |    473 |    473 |      0 |    328 |      0 |   1 |  473.0 |
       Dungeon |    473 |    473 |      0 |    328 |      0 |   1 |  473.0 |
               +--------+--------+--------+--------+--------+-----+--------+

Top non-repeatable levels by time:
       D: 473 daAuts
